 Dungeon Crawl Stone Soup version 0.31-a0-152-g6aa68a64a1 (webtiles) character file.

Game seed: 15095087612671288884

153 qw the Shooter (level 5, -1/32 HPs)
             Began as a Gargoyle Hunter on June 10, 2023.
             Slain by a lemure (4 damage)
             ... led by Pikel
             ... on level 4 of the Dungeon.
             The game lasted 00:00:54 (2354 turns).

qw the Shooter (Gargoyle Hunter)                    Turns: 2354, Time: 00:00:55

Health: -1/32      AC:  9    Str: 14    XL:     5   Next: 35%
Magic:  5/5        EV: 12    Int: 10    God:
Gold:   92         SH:  5    Dex: 15    Spells: 4/4 levels left

rFire   . . .        Y - +2 shortbow (freeze)
rCold   . . .        (shield currently unavailable)
rNeg    + . .        g - +0 steam dragon scales
rPois   inf          (no helmet)
rElec   +            (no cloak)
rCorr   .            (no gloves)
SInv    .            (no boots)
Will    .....        j - amulet of reflection
Stlth   ++           (no ring)
HPRegen 0.25/turn    (no ring)
MPRegen 0.09/turn

%: reflection
@: no status effects
A: sickness immunity, AC +4, negative energy resistance 1, electricity
resistance, torment resistance 1, petrification resistance
a: no special abilities


You were on level 4 of the Dungeon.
You visited 1 branch of the dungeon, and saw 4 of its levels.

You collected 169 gold pieces.
You spent 77 gold pieces at shops.


Innate Abilities, Weirdness & Mutations

You are immune to sickness and miasma.
Your stone body is resilient. (AC +4)
You are immune to poison.
You resist negative energy. (rN+)
You are resistant to electric shocks. (rElec)
You are resistant to unholy torment.
You are immune to petrification.


   Skills:
 + Level 3.0 Fighting
 - Level 6.0 Ranged Weapons
 - Level 1.0 Armour
 - Level 1.5 Dodging
 - Level 1.1 Stealth


You had 4 spell levels left.
You didn't know any spells.
Your spell library was empty.

Inventory:

Hand Weapons
 Y - a +2 shortbow of freezing (weapon)
Armour
 g - +0 steam dragon scales (worn)
Jewellery
 j - an amulet of reflection (around neck)
Scrolls
 c - a scroll of identify
Potions
 b - a potion of might
 h - 2 potions of curing
 i - 2 potions of heal wounds

Dungeon Overview and Level Annotations

Branches:
Dungeon (4/15)
 Temple: D:4-7

Altars:
Ashenzari
Uskayaw

Shops:
D:2 *

Annotations:
D:4 Pikel


Message History

You shoot an arrow. The arrow hits the lemure!
The arrow freezes the lemure.
You kill the lemure!
That felt strangely unrewarding.
A lemure comes into view.
An orc comes into view. It is wielding a +0 mace of holy wrath.
An orc comes into view. It is wielding a +0 club.
The orc moves out of view.
You shoot an arrow. The arrow barely misses the lemure.
The lemure shouts!
The orc shouts!
An orc comes into view. It is wielding a +0 club.
The orc hits you with a +0 mace. The lemure completely misses you.
You shoot an arrow. The orc shouts! x2
The arrow hits the lemure but does no damage.
You shoot an arrow.
The arrow hits Pikel but does no damage.
The orc hits you with a +0 mace.
You shoot an arrow. The arrow closely misses Pikel.
The arrow hits the lemure.
The arrow freezes the lemure.
The lemure is lightly wounded.
You block the orc's attack.
Pikel zaps a wand.
You resist with some effort.
You shoot an arrow. The arrow hits the lemure.
The arrow freezes the lemure.
The lemure is moderately wounded.
The orc closely misses you.
Pikel zaps a wand.
You resist with some effort. The lemure hits you but does no damage.
You shoot an arrow. The arrow closely misses the lemure.
The orc misses you. The lemure hits you. Pikel closely misses you.
You shoot an arrow. The arrow barely misses the lemure.
You block the orc's attack. The lemure closely misses you.
Pikel hits you with a +2 whip of flaming.
Pikel burns you.
You shoot an arrow. The arrow misses the lemure.
You block the orc's attack.
Pikel hits you with a +2 whip of flaming.
Pikel burns you. The lemure hits you but does no damage.
You shoot an arrow. The arrow barely misses the lemure.
The orc misses you.
Pikel hits you with a +2 whip of flaming.
Pikel burns you. The lemure hits you.
You die...

##..........#
####.####..#
########### #.####..#
..........# #..>....#
##########.#########.##
...).%........>......#
.######.##.###.#######
#.##(.)..# #@######.#
.$..oooK5....#.#
.#...#oo5....#.# #..
........#.# ...
.........#.# ..
..........#.# .
.....###..... ......
.#.##


You could see Pikel, 2 lemures and 5 orcs.

Vanquished Creatures
  A lemure (D:4)
  An orc wizard (D:3)
  Natasha (D:4)
  5 adders
  A dart slug (D:1)
  4 orcs (D:3)
  6 bats
  6 endoplasms
  2 giant cockroaches (D:2)
  3 goblins
  A hobgoblin (D:1)
  2 jackals (D:3)
  4 quokkas
  4 ball pythons
  5 frilled lizards
  4 kobolds
  4 rats
54 creatures vanquished.

Notes
Turn   | Place    | Note
-------+----------+-------------------------------------------
     0 | D:1      | qw the Gargoyle Hunter began the quest for the Orb.
     0 | D:1      | Reached XP level 1. HP: 12/12 MP: 1/1
     0 | D:1      | 0 ||| qw: Version: 0.2-a-123-gb51047a
     0 | D:1      | 0 ||| qw: Game counter: 3747
     0 | D:1      | 0 ||| qw: Always use a shield: true
     0 | D:1      | 0 ||| qw: God list: Okawaru
     0 | D:1      | 0 ||| qw: Allow faded altars: false
     0 | D:1      | 0 ||| qw: Do Orc after D:15 true
     0 | D:1      | 0 ||| qw: Do second Lair branch before Depths: true
     0 | D:1      | 0 ||| qw: Lair rune preference: random
     0 | D:1      | 0 ||| qw: Plans: Normal, Zot:1-4, Slime:5, God:TSO, Crypt,
                  | Tomb, Abyss, Pan, Hells, Win
     0 | D:1      | 0 ||| PLANNING D:1-11
   162 | D:1      | Reached XP level 2. HP: 17/17 MP: 2/2
   731 | D:1      | 731 ||| READING scroll labelled KAIKAU NUZONYC.
   732 | D:1      | 732 ||| READING scroll labelled DUIFOVUCKI.
   733 | D:1      | 733 ||| READING scroll labelled MAIFALI KYJIUWK.
   834 | D:1      | 834 ||| READING scroll labelled OCRAKA SYWNA.
   835 | D:1      | 835 ||| DROPPING scroll of butterflies.
   873 | D:2      | Reached XP level 3. HP: 21/21 MP: 3/3
   899 | D:2      | Reached skill level 5 in Ranged Weapons
  1091 | D:2      | Found Agufawas's General Store.
  1102 | D:2      | 1102 ||| BUYING potion of curing (33 gold).
  1102 | D:2      | Bought a potion of curing for 33 gold pieces
  1102 | D:2      | 1102 ||| SHOPLISTING potion of haste (110 gold, have 55).
  1102 | D:2      | 1102 ||| BUYING potion of might (44 gold).
  1102 | D:2      | Bought a potion of might for 44 gold pieces
  1170 | D:2      | Reached skill level 3 in Fighting
  1202 | D:2      | Reached XP level 4. HP: 26/28 MP: 4/4
  1611 | D:2      | 1611 ||| UPGRADING to +0 steam dragon scales.
  1621 | D:2      | 1621 ||| DROPPING +0 leather armour.
  1622 | D:2      | 1622 ||| READING scroll labelled NEVEMM EKHOWE.
  1623 | D:2      | 1623 ||| READING scroll labelled FATITI SEUT.
  1623 | D:2      | Identified a scroll of acquirement
  1623 | D:2      | 1623 ||| ACQUIRING +2 shortbow of freezing
  1623 | D:2      | Acquired a +2 shortbow of freezing
  1625 | D:2      | 1625 ||| SWAPPING to +2 shortbow of freezing.
  1626 | D:2      | 1626 ||| DROPPING +0 shortbow.
  1736 | D:3      | Found a hide-covered altar of Uskayaw.
  1784 | D:3      | Reached skill level 1 in Armour
  1824 | D:3      | Found a broken altar of Ashenzari.
  2209 | D:3      | 2209 ||| UPGRADING to amulet of reflection.
  2214 | D:3      | 2214 ||| READING scroll labelled OMEUGI WIAKLAYBU.
  2218 | D:3      | 2218 ||| READING scroll labelled JIOHOR ANOKK.
  2239 | D:3      | 2239 ||| DRINKING 3 ruby potions.
  2240 | D:3      | 2240 ||| READING 3 scrolls of identify.
  2240 | D:3      | 2240 ||| IDENTIFYING purple potion
  2241 | D:3      | 2241 ||| READING 2 scrolls of identify.
  2241 | D:3      | 2241 ||| IDENTIFYING lumpy white potion
  2242 | D:3      | 2242 ||| DROPPING potion of enlightenment.
  2243 | D:3      | 2243 ||| DROPPING potion of berserk rage.
  2271 | D:4      | Reached XP level 5. HP: 32/32 MP: 5/5
  2321 | D:4      | Noticed Natasha
  2324 | D:4      | Killed Natasha
  2325 | D:4      | Reached skill level 6 in Ranged Weapons
  2337 | D:4      | Noticed a lemure
  2339 | D:4      | Noticed Pikel
  2339 | D:4      | Noticed a lemure
  2339 | D:4      | Noticed a lemure
  2345 | D:4      | Killed a lemure
  2345 | D:4      | Noticed a lemure
  2354 | D:4      | HP: 4/32 [Pikel/+2 whip of flaming (6)]
  2354 | D:4      | Slain by a lemure

Levels and vault maps discovered:
D:1:      dpeg_arrival_stone_temple_mockup, layout_basic
D:2:      layout_loops_cross, serial_shops, nicolae_diamond_shop, minivault_24,
          nicolae_eternal_life
D:3:      layout_loops_ring, mainiacjoe_overflow_catwalk,
          cheibrodos_ashenzari_chains, corner_web_ring
D:4:      layout_basic, nicolae_overflow_hidden_temple,
          mainiacjoe_overflow_cross_hatched, uniq_crazy_yiuf_cottage,
          uniq_pikel, uniq_natasha

Skill      XL: |  1  2  3  4  5 |
---------------+----------------+-----
Ranged Weapons | 5 6 |  6.0
Fighting       | 3 |  3.0
Armour         | 1 |  1.0
Dodging        | |  1.5
Stealth        | |  1.1

Action                     |  1- 3 |  4- 6 || total
---------------------------+-------+-------++-------
   Fire: Shortbow          |   104 |    71 ||   175
    Use: Scroll            |     4 |     6 ||    10
         Potion            |       |     1 ||     1
 Armour: Leather armour    |    15 |       ||    15
         Steam dragon scal |       |     5 ||     5
  Dodge: Dodged            |    29 |    11 ||    40
  Block: Other             |       |     3 ||     3

Table legend:
 A = Non-vault XP
 B = Vault XP
 C = Vault XP percentage of total XP
 D = Non-vault monster count
 E = Vault monster count
 F = Vault count percentage of total count
                 A         B        C        D         E       F
            +---------+---------+-------+---------+---------+-------
      Total |     184 |      35 |  16.0 |      52 |       1 |   1.9
            +---------+---------+-------+---------+---------+-------
        D:1 |      30 |       0 |   0.0 |      19 |       0 |   0.0
        D:2 |      59 |       0 |   0.0 |      15 |       0 |   0.0
        D:3 |      73 |       0 |   0.0 |      13 |       0 |   0.0
        D:4 |      22 |      35 |  61.4 |       5 |       1 |  16.7
            +---------+---------+-------+---------+---------+-------
